 Dungeon Crawl Stone Soup version 0.30-b1-2-g02819fbbbe (webtiles) character file.

Game seed: 16077862391531274012

1058 Arzdou the Chopper (level 8, -3/62 (67) HPs)
             Began as a Gnoll Cinder Acolyte on May 23, 2023.
             Was a High Priest of Ignis.
             Slain by a wight
             ... wielding a +0 halberd
              (6 damage)
             ... on level 6 of the Dungeon.
             The game lasted 00:07:20 (5359 turns).

Arzdou the Chopper (Gnoll Cinder Acolyte)           Turns: 5359, Time: 00:07:21

HP:   -3/62 (67)    AC: 11    Str: 15    XL:     8   Next: 27%
MP:   8/14          EV: 10    Int: 19    God:    Ignis [*****.]
Gold: 329           SH:  0    Dex: 13    Spells: 11/15 levels left

rFire   + + .        g - +8 scimitar of Debt {flame, Dex+4}
rCold   . . .        v - orb {light}
rNeg    . . .        w - +3 scale mail {rF+}
rPois   .            j - +0 helmet
rElec   .            (no cloak)
rCorr   .            (no gloves)
SInv    .            (no boots)
Will    .....        (no amulet)
Stlth   +            k - ring of wizardry
HPRegen 0.30/turn    n - +6 ring of intelligence
MPRegen 0.14/turn

%: wizardry (x1)
@: glowing, drained
A: fangs 1, strong nose, distributed training
a: Renounce Religion, Fiery Armour, Foxfire Swarm, Rising Flame


You were on level 6 of the Dungeon.
You worshipped Ignis.
Ignis was extremely pleased with you.
You visited 1 branch of the dungeon, and saw 6 of its levels.

You collected 329 gold pieces.

Inventory:

Hand Weapons
 a - a -1 hand axe of flaming
 g - the +8 scimitar of Debt (weapon) {flame, Dex+4}
   (You took it off a kobold on level 4 of the Dungeon)

   Dex:       It affects your dexterity (+4).
Armour
 j - a +0 helmet (worn)
 v - an orb of light (worn)
 w - a +3 scale mail of fire resistance (worn)
 B - a +1 buckler of fire resistance
 C - +0 fire dragon scales
Jewellery
 k - a ring of wizardry (left hand)
 n - a +6 ring of intelligence (right hand)
 x - a ring of protection from fire
 y - a ring of positive energy
Wands
 G - a wand of charming (7)
Scrolls
 e - 2 scrolls of enchant armour {unknown}
 h - 4 scrolls of fog {unknown}
 i - 2 scrolls of fear {unknown}
 l - 3 scrolls of blinking {unknown}
 o - 2 scrolls of immolation {unknown}
 p - 2 scrolls of enchant weapon {unknown}
 q - 5 scrolls of identify {unknown}
 t - 2 scrolls of teleportation {unknown}
 D - a scroll of summoning {unknown}
Potions
 b - 2 potions of attraction {unknown}
 c - a potion of ambrosia {unknown}
 d - a potion of degeneration {unknown}
 f - 4 potions of mutation {unknown}
 m - 2 potions of invisibility {unknown}
 r - a potion of brilliance {unknown}
 s - 2 potions of lignification {unknown}
 u - a potion of haste {unknown}
 z - a potion of magic {unknown}
 A - a potion of curing {unknown}
 E - a potion of heal wounds {unknown}
 F - a potion of berserk rage {unknown}
 H - a potion of cancellation {unknown}


   Skills:
 + Level 7.3 Fighting
 + Level 3.2 Short Blades
 + Level 3.2 Long Blades
 + Level 7.3 Axes
 + Level 3.2 Maces & Flails
 + Level 3.2 Polearms
 + Level 3.2 Staves
 + Level 3.2 Ranged Weapons
 + Level 3.2 Throwing
 + Level 3.2 Armour
 + Level 3.2 Dodging
 + Level 3.2 Stealth
 + Level 3.2 Shields
 + Level 3.2 Unarmed Combat
 + Level 4.3 Spellcasting
 + Level 2.6 Conjurations
 + Level 2.6 Hexes
 + Level 2.6 Summonings
 + Level 2.6 Necromancy
 + Level 2.6 Translocations
 + Level 2.6 Transmutations
 + Level 6.1 Fire Magic
 + Level 2.6 Ice Magic
 + Level 2.6 Air Magic
 + Level 2.6 Earth Magic
 + Level 2.6 Poison Magic
 + Level 3.5 Invocations
 + Level 3.2 Evocations


You had 11 spell levels left.
You knew the following spells:

 Your Spells              Type           Power      Damage    Failure   Level
a - Scorch                Fire           54%        2d7       2%          2
b - Blink                 Tloc           28%        N/A       11%         2

Your spell library contained the following spells:

 Spells                   Type           Power      Damage    Failure   Level
 Apportation              Tloc           28%        N/A       7%          1
 Ensorcelled Hibernation  Hex/Ice        28%        N/A       11%         2
 Lesser Beckoning         Tloc           28%        N/A       11%         2
 Momentum Strike          Conj/Tloc      28%        3d8       11%         2
 Passwall                 Tmut/Erth      11%        N/A       11%         2
 Swiftness                Air            14%        N/A       21%         3
 Vhi's Electric Charge    Tloc/Air       28%        N/A       21%         3
 Alistair's Intoxication  Tmut/Pois      9%         N/A       86%         5
 Arcjolt                  Conj/Air       7%         1d17      86%         5
 Plasma Beam              Fire/Air       10%        2x1d23    99%         6


Dungeon Overview and Level Annotations

Branches:
Dungeon (6/15)             Temple (0/1) D:4

Altars:
Cheibriados
Fedhas
Nemelex Xobeh
Qazlal
Vehumet
Wu Jian
Xom

Annotations:
D:6 exclusion: statue


Innate Abilities, Weirdness & Mutations

You have very sharp teeth.
Your uncanny sense of smell can sniff out nearby items.
Your experience applies equally to all skills.


Message History

You slash the wight! You burn the wight.
You destroy the wight!
The wight is no longer more vulnerable to fire.
The wight hits you with a +0 war axe!
The wight hits you with a +0 long sword.
You feel drained.
* * * LOW HITPOINT WARNING * * *
The hound bites you but does no damage.
Your magical contamination has completely faded away.
Aiming: Charm
Press: ? - help, Shift-Dir - straight line, f - hound
Aim: a hound (haloed, chance to affect: 66%)
The hound struggles to resist.
The hound barely misses you.
A white imp comes into view.
The wight closely misses you. The wight misses you.
The wight closely misses you.
Aiming: Charm
Press: ? - help, Shift-Dir - straight line, f/p - hound
Aim: a hound (haloed, chance to affect: 66%)
The hound is charmed.
The wight hits you with a +0 war axe.
* * * LOW HITPOINT WARNING * * *
The wight hits your hound with a +0 war axe!
The wight closely misses you. x2
Okay, then.
You hit the wight. You burn the wight.
The wight is moderately damaged.
Your hound bites the wight.
The wight hits you but does no damage.
The wight hits your hound with a +0 war axe!
Your hound dies!
The wight closely misses you. The wight hits you but does no damage.
Aiming: Charm
Press: ? - help, Shift-Dir - straight line, f - wight
Aim: a wight, wielding a +0 war axe and wearing a +0 robe (moderately damaged, haloed, chance to affect: 57%)
The wight is charmed.
The white imp shouts, "Out, out, thou puking nose-picking pignut!"
The white imp gestures at you. The puff of frost hits you!
* * * LOW HITPOINT WARNING * * *
The wight hits you from afar with a +0 halberd.
You die...

#...............#............
###...##..###...###...#######
##'########'#####...#
#...................#
#...................#
#...................#
#...................# ∆
#.........zz5.......#
#.........@)z.......#
#############'####+## ∆


You could see 2 wights, a white imp and a friendly wight (charmed).

Vanquished Creatures
  An ogre (D:4)
  A gnoll sergeant (D:5)
  2 scorpions (D:5)
  6 wights
  4 jellies
  3 hounds
  An iguana (D:5)
  7 adders
  9 gnolls (D:5)
  A shadow imp (D:5)
  An ufetubus (D:4)
  A dart slug (D:1)
  3 orcs (D:4)
  7 bats
  6 endoplasms
  3 giant cockroaches
  11 goblins
  12 hobgoblins
  A jackal (D:3)
  6 quokkas
  4 ball pythons
  A frilled lizard (D:2)
  10 kobolds
  4 rats
105 creatures vanquished.

Vanquished Creatures (others)
  A hound (D:6)
  3 plants (D:4)
4 creatures vanquished.

Grand Total: 109 creatures vanquished

Notes
Turn   | Place    | Note
-------+----------+-------------------------------------------
     0 | D:1      | Arzdou the Gnoll Cinder Acolyte began the quest for the
                  | Orb.
     0 | D:1      | Reached XP level 1. HP: 23/23 MP: 4/4
   245 | D:1      | Reached XP level 2. HP: 26/29 MP: 5/5
   248 | D:1      | Learned a level 2 spell: Scorch
   755 | D:1      | Found a faded altar of an unknown god.
   769 | D:1      | Reached XP level 3. HP: 22/35 MP: 7/7
  1424 | D:2      | Reached skill level 1 in Invocations
  1571 | D:2      | Reached skill level 1 in Short Blades
  1571 | D:2      | Reached skill level 1 in Long Blades
  1571 | D:2      | Reached skill level 1 in Maces & Flails
  1571 | D:2      | Reached skill level 1 in Polearms
  1571 | D:2      | Reached skill level 1 in Staves
  1571 | D:2      | Reached skill level 1 in Ranged Weapons
  1571 | D:2      | Reached skill level 1 in Throwing
  1571 | D:2      | Reached skill level 1 in Armour
  1571 | D:2      | Reached skill level 1 in Dodging
  1571 | D:2      | Reached skill level 1 in Stealth
  1571 | D:2      | Reached skill level 1 in Shields
  1571 | D:2      | Reached skill level 1 in Unarmed Combat
  1571 | D:2      | Reached skill level 1 in Evocations
  1669 | D:2      | Identified the +1 ring mail of Responsibility {rN+ Int-5
                  | Slay+3}
  1954 | D:3      | Reached XP level 4. HP: 41/41 MP: 1/8
  2070 | D:3      | Found a snail-covered altar of Cheibriados.
  2442 | D:3      | Reached skill level 1 in Conjurations
  2442 | D:3      | Reached skill level 1 in Hexes
  2442 | D:3      | Reached skill level 1 in Summonings
  2442 | D:3      | Reached skill level 1 in Necromancy
  2442 | D:3      | Reached skill level 1 in Translocations
  2442 | D:3      | Reached skill level 1 in Transmutations
  2442 | D:3      | Reached skill level 1 in Ice Magic
  2442 | D:3      | Reached skill level 1 in Air Magic
  2442 | D:3      | Reached skill level 1 in Earth Magic
  2442 | D:3      | Reached skill level 1 in Poison Magic
  2993 | D:4      | Noticed an ogre
  2999 | D:4      | Killed an ogre
  3000 | D:4      | Reached XP level 5. HP: 47/47 MP: 1/9
  3072 | D:4      | Found a sparkling altar of Nemelex Xobeh.
  3110 | D:4      | Found a staircase to the Ecumenical Temple.
  3400 | D:4      | Reached XP level 6. HP: 52/53 MP: 3/11
  3505 | D:4      | Identified the +8 scimitar of Debt {flame, Dex+4}
  3648 | D:4      | Found a shimmering altar of Xom.
  3814 | D:4      | Found a stormy altar of Qazlal.
  3837 | D:4      | Learned a level 2 spell: Blink
  4204 | D:5      | Entered Level 5 of the Dungeon
  4310 | D:5      | Reached XP level 7. HP: 51/60 MP: 12/12
  4665 | D:5      | Reached XP level 8. HP: 48/67 MP: 14/14
  4969 | D:5      | Found an ornate altar of the Wu Jian Council.
  5102 | D:6      | Found a radiant altar of Vehumet.
  5112 | D:6      | Found a blossoming altar of Fedhas.
  5359 | D:6      | HP: 3/62 [white imp/puff of frost (11)]
  5359 | D:6      | Slain by a wight

Illustrated notes

Levels and vault maps discovered:
D:1:      dpeg_arrival_more_subterranean_lakeside_camping, layout_loops_ring,
          shapermc_ecumenical_altar_mp_highgroup
D:2:      layout_loops_ring, chequers_serial_rivers_small_3,
          chequers_serial_rivers_small_b, hangedman_decor_slide_cut,
          hangedman_decor_points, nrook_mini_backslash, grunt_decor_clamped,
          minivault_14
D:3:      layout_loops_cross, cheibriados_altar_1, corexii_corridor_pit,
          minmay_checkerbox
D:4:      cheibrodos_old_hovel, layout_basic, nemelex_xobeh_ov_fountains_minmay,
          dk_xom_monty_hall, kennysheep_little_box, minmay_temple_entry_arrows,
          corexii_hall_statues_i, minmay_box_of_dots
D:5:      layout_basic, mainiacjoe_overflow_alcove_1, wad_floor_pattern_1
D:6:      layout_gridville, old_standard_altar, vehumet_statue,
          makhleb_blood_cavern_becter, zin_academy

Skill      XL: |  1  2  3  4  5  6  7 |
---------------+----------------------+-----
Invocations    | 1 2 3 |  3.5
Short Blades   | 1 2 3 |  3.2
Long Blades    | 1 2 3 |  3.2
Maces & Flails | 1 2 3 |  3.2
Polearms       | 1 2 3 |  3.2
Staves         | 1 2 3 |  3.2
Ranged Weapons | 1 2 3 |  3.2
Throwing       | 1 2 3 |  3.2
Armour         | 1 2 3 |  3.2
Dodging        | 1 2 3 |  3.2
Stealth        | 1 2 3 |  3.2
Shields        | 1 2 3 |  3.2
Unarmed Combat | 1 2 3 |  3.2
Evocations     | 1 2 3 |  3.2
Spellcasting   | 3 4 |  4.3
Conjurations   | 1 2 |  2.6
Hexes          | 1 2 |  2.6
Summonings     | 1 2 |  2.6
Necromancy     | 1 2 |  2.6
Translocations | 1 2 |  2.6
Transmutations | 1 2 |  2.6
Ice Magic      | 1 2 |  2.6
Air Magic      | 1 2 |  2.6
Earth Magic    | 1 2 |  2.6
Poison Magic   | 1 2 |  2.6
Fighting       | 7 |  7.3
Axes           | 7 |  7.3
Fire Magic     | 6 |  6.1

Action                     |  1- 3 |  4- 6 |  7- 9 || total
---------------------------+-------+-------+-------++-------
  Melee: Hand axe          |    51 |    28 |       ||    79
         Bite              |     4 |     7 |     1 ||    12
         Scimitar          |       |    19 |    43 ||    62
   Cast: Scorch            |    19 |    38 |     6 ||    63
  Evoke: Wand              |       |       |     3 ||     3
 Armour: Robe              |     3 |       |       ||     3
         Scale mail        |    13 |    30 |    17 ||    60
  Dodge: Dodged            |    27 |    25 |    28 ||    80
